 Dungeon Crawl Stone Soup version 0.26-a0-852-g6321bf7485 (webtiles) character file.

Game seed: 2963405297142703841

353548 gishou the Executioner (level 21, -6/204 HPs)
             Began as a Palentonga Berserker on Nov 21, 2020.
             Was a High Priest of Trog.
             Killed from afar by a phantasmal warrior (7 damage)
             ... with an exploding inner flame
             ... on level 1 of the Crypt.
             The game lasted 01:40:15 (52094 turns).

gishou the Executioner (Palentonga Berserker)      Turns: 52094, Time: 01:40:15

Health: -6/204     AC: 48    Str: 31    XL:     21   Next: 33%
Magic:  21/21      EV:  7    Int: 11    God:    Trog [*****.]
Gold:   2382       SH:  5    Dex: 18    Spells: 20/20 levels left

rFire    + . .     SeeInvis +   k - +8 frozen axe "Frostbite" {freezing cloud, *Noise +Fly rC+}
rCold    + + .     Faith    .   (shield currently unavailable)
rNeg     . . .     Spirit   .   T - +10 plate armour {rF+}
rPois    +         Reflect  +   l - +2 helmet
rElec    +         Harm     .   o - scarf {repulsion}
rCorr    .         Rampage  .   n - +2 pair of gloves {Str+3}
MR       +....                  Z - +4 barding "Res Tauc" {rElec rC+}
Stlth    ..........             Q - amulet of reflection
HPRegen  0.44/turn              s - ring of poison resistance
MPRegen  0.17/turn              F - ring "Unet" {Int+3 Dex+6}

@: drained, repel missiles, curled up
A: large, rugged brown scales 3, see invisible, deformed body, roll 1, armoured
tail, reflexive curl
}: 2/15 runes: barnacled, gossamer
a: Rolling Charge, Berserk, Trog's Hand, Brothers in Arms, Renounce Religion,
Evoke Flight


You were on level 1 of the Crypt.
You worshipped Trog.
Trog was extremely pleased with you.
You visited 7 branches of the dungeon, and saw 36 of its levels.
You visited 1 bazaar.
You also visited: Bailey, Gauntlet, Ice Cave and Volcano.

You collected 4449 gold pieces.
You spent 2067 gold pieces at shops.

Inventory:

Hand Weapons
 k - the +8 frozen axe "Frostbite" (weapon) {freezing cloud, *Noise +Fly rC+}
   (You found it in a Gauntlet)

   It has been specially enchanted to freeze those struck by it, causing extra
   injury to most foes and up to half again as much damage against particularly
   susceptible opponents.
   It can also slow down cold-blooded creatures.
   It protects you from cold.
   It lets you fly.
   It may make noises in combat.
 S - a +7 antimagic executioner's axe
Missiles
 O - 9 throwing nets (quivered)
 U - 13 curare-tipped darts
Armour
 l - a +2 helmet (worn)
 n - a +2 pair of gloves of strength (worn)
 o - a scarf of repulsion (worn)
 T - a +10 plate armour of fire resistance (worn)
 Z - the +4 barding "Res Tauc" (worn) {rElec rC+}
   (You acquired it on level 15 of the Dungeon)

   It protects you from cold.
   It insulates you from electricity.
Jewellery
 c - a cursed amulet of guardian spirit
 h - an uncursed ring of fire {unknown}
 s - a ring of poison resistance (left hand)
 F - the ring "Unet" (right hand) {Int+3 Dex+6}
   (You found it on level 4 of the Vaults)

   [ring of dexterity]

   It affects your intelligence (+3).
   It affects your dexterity (+6).
 Q - an amulet of reflection (around neck)
 X - an uncursed ring of protection from fire
Wands
 b - a wand of acid (12)
 j - a wand of flame (93)
 m - a wand of digging (15)
 A - a wand of iceblast (8)
 Y - a wand of paralysis (28)
Scrolls
 e - 24 scrolls of teleportation
 f - 3 scrolls of fear
 i - 3 scrolls of magic mapping
 q - a scroll of vulnerability
 r - a scroll of silence
 u - 4 scrolls of immolation
 D - 10 scrolls of fog
 E - 2 scrolls of blinking
 I - 6 scrolls of summoning
 J - 8 scrolls of enchant armour
 L - 8 scrolls of remove curse
Potions
 a - 10 potions of mutation
 d - 5 potions of might
 g - 12 potions of curing
 p - 2 potions of cancellation
 x - 4 potions of flight
 z - 4 potions of attraction
 G - 10 potions of haste
 H - 11 potions of invisibility
 M - 8 potions of ambrosia
 R - a potion of magic
 V - a potion of resistance
Miscellaneous
 v - a phantom mirror
 w - a condenser vane (inert)
 C - a lightning rod (4/4)
 N - a phial of floods (inert)
 P - a box of beasts (inert)


   Skills:
 + Level 17.1(16.1) Fighting
 * Level 22.6(21.6) Axes
 + Level 14.6(13.7) Armour
 - Level 5.3(4.6) Dodging
 + Level 15.4(14.5) Evocations


You had 20 spell levels left.
You didn't know any spells.
Your spell library was empty.

Dungeon Overview and Level Annotations

Branches:
Dungeon (15/15)            Temple (0/1) D:4            Lair (6/6) D:10
 Shoals (4/4) Lair:3       Spider (4/4) Lair:3        Slime (0/5) Lair:5
    Orc (2/2) D:10            Elf (0/3) Orc:2        Vaults (4/5) D:14
  Crypt (1/3) Vaults:3     Depths (0/5) D:15         Bailey (visited)
  IceCv (visited)         Volcano (visited)         Gauntlet (visited)

Altars:
Dithmenos
Elyvilon
Fedhas
Hepliaklqana
Kikubaaqudgha
Ru
Sif Muna
Uskayaw
Xom
Yredelemnul
The Shining One
Jiyva

Shops:
D:15 *   Orc:1 [   Orc:2 *!([:   Shoals:3 [   Vaults:2 (

Annotations:
Lair:4 1 runed translucent door, gishou's ghost, journeyman KoDe
Crypt:1 Khufu


Innate Abilities, Weirdness & Mutations

You are completely covered in rugged brown scales. (AC +3, +7% HP)
You have supernaturally acute eyesight. (SInv)
Armour fits poorly on your strangely shaped body.
You can roll at nearby foes to attack.
You have a long armoured tail.
You curl defensively after being hit.


Message History

Flame seeps out of the flayed ghost.
Khufu is struck by lightning.
Flame seeps out of Khufu.
The greater mummy hits you!!
* * * LOW HITPOINT WARNING * * *
The emperor scorpion is struck by lightning.
You slash the greater mummy!
Flame seeps out of the greater mummy.
You hear the gusting winds of a squall.
The greater mummy is moderately damaged.
You hit the phantasmal warrior.
Flame seeps out of the phantasmal warrior.
You are engulfed in blazing flames.
You resist. The phantasmal warrior hits you!!
* * * LOW HITPOINT WARNING * * *
The greater mummy mumbles some strange words.
You slice the phantasmal warrior!! You freeze the phantasmal warrior.
You slice the greater mummy like a ripe choko!!!
Flame seeps out of the greater mummy.
You freeze the greater mummy.
Flame seeps out of the greater mummy.
The phantasmal warrior explodes!
The fiery explosion engulfs you! You resist.
You die...

###########
^.WsMMM@○§#
##§s3####§#
### #§ #.#
#.# #.# #.#
#.# ###.#
#.# ....#
#.# ....#
#.# ....#
#.#


You could see Khufu (inner flame), 2 greater mummies, 2 emperor scorpions, a
flayed ghost (summoned, inner flame) and a sixfirhy (summoned).

Vanquished Creatures
  An ancient lich (Vaults:4)
  Mara (Vaults:4)
  Sojobo (Vaults:4)
  Boris (Vaults:4)
  Saint Roka (Vaults:2)
  Margery (Vaults:4)
  The ghost of Lustness the Slayer, a veteran GrFi of Okawaru (Vaults:4)
  Jory (Crypt:1)
  Arachne (Spider:3)
  Rupert (Lair:6)
  Jorgrun (Spider:3)
  2 sphinxes
  Polyphemus (Shoals:3)
  An ancient champion (Vaults:3)
  Gastronok (D:9)
  Donald (Crypt:1)
  2 tengu reavers (Vaults:4)
  2 fire giants (Vaults:3)
  2 emperor scorpions
  A deep elf sorcerer (Vaults:4)
  An orc warlord (Vaults:4)
  2 vault wardens
  A frost giant (Shoals:4)
  4 ghost moths
  Aizul (Vaults:1)
  4 ghouls
  2 stone giants
  8 very ugly things
  6 ironheart preservers
  2 vampire knights (Crypt:1)
  3 entropy weavers
  2 spark wasps (Spider:4)
  7 merfolk javelineers
  2 eidola
  A minotaur (Gauntlet)
  6 ettins
  9 merfolk impalers
  A fire dragon (D:15)
  3 jiangshi (Crypt:1)
  7 ogre magi
  2 rakshasas (Vaults:2)
  2 yaktaur captains
  A great orb of eyes (Vaults:3)
  Erolcha (D:9)
  4 boulder beetles
  6 hydras
  6 ice dragons
  3 catoblepae
  7 centaur warriors
  2 merfolk avatars
  A death knight (Crypt:1)
  2 satyrs
  2 dancing weapons (D:14)
  4 merfolk aquamancers
  20 two-headed ogres
  2 alligator snapping turtles (Shoals:4)
  2 deep troll shamans (Vaults:2)
  A vampire mage (Vaults:3)
  15 death yaks
  A hell hog (Volcano)
  A tengu warrior (D:15)
  A deep elf knight (Vaults:1)
  4 hell knights (Vaults:4)
  A fire crab (Volcano)
  A wretched star (Gauntlet)
  6 deep trolls
  12 skeletal warriors
  20 sea snakes
  3 shadow wraiths
  2 glowing orange brains
  2 wizards
  A flayed ghost (Crypt:1)
  4 unseen horrors
  A lindwurm (Lair:6)
  4 elephants (Lair:4)
  4 deep elf archers
  6 ironbrand convokers
  An obsidian statue (Vaults:2)
  Pikel (D:6)
  A harpy (shapeshifter) (Vaults:3)
  13 harpies
  17 orc knights
  5 phantasmal warriors (Crypt:1)
  An orb spider (shapeshifter) (Vaults:2)
  4 necromancers
  An orc sorcerer (Orc:1)
  14 manticores
  24 orb spiders
  35 wolf spiders
  9 ugly things
  4 deep elf magi
  3 fauns (Shoals:3)
  A moth of wrath (Spider:4)
  17 cyclopes
  Joseph (D:8)
  2 dire elephant zombies (Crypt:1)
  2 centaur zombies
  2 ice statues (IceCv)
  7 merfolk sirens
  6 vault sentinels
  6 water nymphs
  6 black mambas
  A guardian serpent (Lair:6)
  Psyche (D:11)
  10 cane toads
  2 gargoyles (D:14)
  3 torpor snails
  21 yaktaurs
  3 freezing wraiths (Crypt:1)
  A yaktaur (shapeshifter) (Vaults:1)
  The ghost of kairosrom117 the Bolt Thrower, a novice HaHu (D:5)
  2 emperor scorpion zombies (Crypt:1)
  5 komodo dragons
  26 demonic crawlers
  A tengu conjurer (D:15)
  30 jumping spiders
  3 meliai (D:15)
  A polar bear (shapeshifter) (Vaults:2)
  A harpy zombie (D:15)
  A queen bee (Lair:3)
  31 merfolk
  13 hornets
  Prince Ribbit (D:8)
  7 trolls
  A hydra skeleton (Crypt:1)
  4 wind drakes
  A sphinx simulacrum (Vaults:3)
  Grinder (D:3)
  8 blink frogs
  16 slime creatures
  2 dream sheep (Shoals:2)
  A stone giant simulacrum (Crypt:1)
  13 snapping turtles
  5 flying skulls (Crypt:1)
  A centaur simulacrum (D:15)
  91 redbacks
  6 shadows (Gauntlet)
  27 tarantellas
  38 yaks
  4 water elementals
  16 wyverns
  A vampire (D:11)
  3 basilisks
  5 wraiths
  8 fire bats (Volcano)
  A hog (Shoals:1)
  A human (shapeshifter) (Vaults:3)
  A steam dragon (Volcano)
  Grum (Lair:1)
  5 vampire mosquitoes
  A yaktaur simulacrum (Vaults:3)
  Menkaure (D:7)
  8 wargs
  2 two-headed ogre zombies (D:10)
  2 soldier ants
  A soldier ant (shapeshifter) (Vaults:2)
  A hell hound (Volcano)
  2 acid dragons
  13 water moccasins
  31 orc warriors
  A cane toad skeleton (Crypt:1)
  9 ice beasts
  3 sky beasts
  15 ogres
  2 black bears
  A necrophage (Crypt:1)
  2 eyes of draining
  31 wolves
  5 boggarts (Vaults:2)
  A tengu (shapeshifter) (Vaults:2)
  11 centaurs
  A lemure (D:6)
  A hog zombie (Crypt:1)
  5 big kobolds
  17 bullfrogs
  A komodo dragon skeleton (Crypt:1)
  A wyvern skeleton (D:8)
  A hornet simulacrum (D:15)
  A troll zombie (D:10)
  7 scorpions
  2 human simulacra
  29 killer bees
  21 wights
  3 electric eels
  5 howler monkeys
  2 spriggan skeletons (Crypt:1)
  5 jellies
  A bullfrog zombie (D:10)
  2 quasits
  A crimson imp (Spider:3)
  5 hounds
  22 orc priests
  4 bullfrog skeletons
  38 orc wizards
  A gnoll shaman (D:4)
  6 centaur skeletons
  An iguana (D:13)
  A basilisk skeleton (Crypt:1)
  5 hell rats (Lair:2)
  Natasha (D:3)
  9 worker ants
  A small abomination (Gauntlet)
  4 ogre zombies (D:10)
  2 hound skeletons
  A mummy (Crypt:1)
  A worker ant zombie (Crypt:1)
  Robin (D:2)
  13 adders
  10 gnolls
  15 river rats (Lair:2)
  2 shadow imps
  15 white imps
  3 ufetubi
  3 dart slugs
  2 leopard geckos
  99 orcs
  3 ball pythons
  5 bats
  3 giant cockroaches
  14 goblins
  10 hobgoblins
  5 jackals
  11 quokkas
  A frilled lizard (D:1)
  2 goblin skeletons (D:10)
  A goblin zombie (D:10)
  2 hobgoblin skeletons (D:10)
  2 hobgoblin zombies (D:10)
  30 kobolds
  3 orc skeletons
  14 orc zombies (D:10)
  3 quokka skeletons
  20 rats
1505 creatures vanquished.

Vanquished Creatures (collateral kills)
  An ancient lich (Vaults:4)
  2 liches (Vaults:4)
  Kirke (Shoals:1)
  A ghost moth (Spider:4)
  2 emperor scorpions (Spider:4)
  A spark wasp (Spider:4)
  A merfolk javelineer (Shoals:4)
  A merfolk impaler (Shoals:4)
  A boulder beetle (D:12)
  The ghost of robertstho the Grappler, a journeyman TrFi of Hepliaklqana (D:7)
  A hydra (Lair:1)
  A two-headed ogre (Vaults:1)
  2 death yaks (Shoals:3)
  3 skeletal warriors (D:11)
  2 sea snakes
  An ironbrand convoker (Vaults:1)
  2 orc knights (Vaults:4)
  3 wolf spiders (Spider:4)
  An orb spider (Spider:4)
  2 harpies (Shoals:3)
  2 elephants (Lair:4)
  2 merfolk sirens
  A moth of wrath (Spider:4)
  A black mamba (Lair:3)
  A troll (D:10)
  2 merfolk (Shoals:4)
  4 slime creatures
  A blink frog (Lair:4)
  A snapping turtle (Shoals:4)
  A wyvern (Lair:6)
  A tarantella (Spider:3)
  4 redbacks
  A yak (D:10)
  2 shadows (D:10)
  2 hogs (Shoals:1)
  4 water moccasins
  A black bear (D:10)
  5 orc warriors
  A phantom (D:7)
  2 ogres (Vaults:1)
  A necrophage (Crypt:1)
  A bullfrog (D:10)
  A troll zombie (D:10)
  3 wights (D:8)
  A centaur zombie (D:10)
  A hound (D:7)
  2 orc priests (Vaults:4)
  An iguana (D:7)
  A worker ant (D:7)
  2 gnolls (D:8)
  An adder (D:10)
  2 orcs
  A hobgoblin zombie (D:10)
  A kobold (D:8)
  An orc zombie (D:10)
89 creatures vanquished.

Vanquished Creatures (others)
  A tengu reaver (Vaults:4)
  A ghost moth (Spider:4)
  A hydra (Lair:4)
  A shadow wraith (Vaults:2)
  A sea snake (Shoals:3)
  A redback (Spider:2)
  An orc wizard (D:8)
  A quokka (D:9)
  87 fungi
  203 plants
298 creatures vanquished.

Grand Total: 1892 creatures vanquished

Notes
Turn   | Place    | Note
-------+----------+-------------------------------------------
     0 | D:1      | gishou the Palentonga Berserker began the quest for the
                  | Orb.
     0 | D:1      | Reached XP level 1. HP: 20/20 MP: 1/1
   181 | D:1      | Reached XP level 2. HP: 27/27 MP: 2/2
  1068 | D:2      | Reached ** piety under Trog
  1074 | D:2      | Reached XP level 3. HP: 33/33 MP: 3/3
  1110 | D:2      | Noticed Robin
  1126 | D:2      | Killed Robin
  1133 | D:2      | Reached skill level 4 in Axes
  1254 | D:2      | Reached XP level 4. HP: 40/40 MP: 4/4
  1729 | D:3      | Noticed Grinder
  1748 | D:3      | Killed Grinder
  1749 | D:3      | Reached skill level 5 in Axes
  1749 | D:3      | Reached XP level 5. HP: 50/50 MP: 5/5
  1749 | D:3      | Reached XP level 6. HP: 56/56 MP: 6/6
  2387 | D:3      | Noticed Natasha
  2399 | D:3      | Killed Natasha
  2526 | D:3      | Found a basalt altar of Yredelemnul.
  2531 | D:3      | Found a hide-covered altar of Uskayaw.
  2708 | D:4      | Reached *** piety under Trog
  2712 | D:4      | Reached skill level 1 in Evocations
  2712 | D:4      | Gained mutation: You curl defensively after being hit.
                  | [Palentonga growth]
  2712 | D:4      | Reached XP level 7. HP: 64/64 MP: 7/7
  2714 | D:4      | Reached skill level 6 in Axes
  2950 | D:4      | Found a staircase to the Ecumenical Temple.
  2957 | D:3      | Found a glowing golden altar of the Shining One.
  2957 | D:3      | Found a shadowy altar of Dithmenos.
  2957 | D:3      | Found a sacrificial altar of Ru.
  3115 | D:5      | Entered Level 5 of the Dungeon
  3238 | D:5      | Found a transporter.
  3301 | D:5      | Found a transporter.
  3301 | D:5      | Noticed kairosrom117's ghost (novice HaHu)
  3340 | D:5      | Killed kairosrom117's ghost
  3341 | D:5      | Reached skill level 5 in Fighting
  3696 | D:5      | Reached XP level 8. HP: 51/72 MP: 8/8
  3822 | D:5      | Reached skill level 7 in Axes
  4569 | D:6      | Found a hazy altar of Hepliaklqana.
  4569 | D:6      | Found an ancient bone altar of Kikubaaqudgha.
  4584 | D:6      | Found a shimmering blue altar of Sif Muna.
  4763 | D:6      | Reached skill level 8 in Axes
  4881 | D:6      | Noticed Pikel
  4889 | D:6      | Killed Pikel
  4890 | D:6      | Reached XP level 9. HP: 83/83 MP: 9/9
  5032 | D:6      | Reached **** piety under Trog
  5208 | D:6      | Reached skill level 5 in Armour
  5384 | D:7      | Found a runed translucent gate.
  5384 | D:7      | Found a runed translucent gate.
  5384 | D:7      | Found a runed translucent gate.
  5390 | D:7      | Noticed robertstho's ghost (journeyman TrFi)
  5416 | D:7      | Killed robertstho's ghost
  5417 | D:7      | Reached skill level 9 in Axes
  5661 | D:7      | Noticed Menkaure
  5662 | D:7      | Killed Menkaure
  5783 | D:7      | Reached skill level 5 in Evocations
  6004 | D:7      | Reached XP level 10. HP: 76/92 MP: 10/10
  6482 | D:8      | Reached skill level 10 in Axes
  6843 | D:8      | Reached ***** piety under Trog
  6892 | D:8      | Noticed Prince Ribbit
  6897 | D:8      | Killed Prince Ribbit
  7013 | D:8      | Noticed Joseph
  7042 | D:8      | Killed Joseph
  7478 | D:8      | Received a gift from Trog
  7728 | D:9      | Noticed Gastronok
  7730 | D:9      | Found a flagged portal.
  7736 | D:9      | Killed Gastronok
  7737 | D:9      | Reached skill level 11 in Axes
  7772 | Bailey   | Entered a bailey
  7924 | Bailey   | Reached XP level 11. HP: 101/101 MP: 11/11
  8242 | Bailey   | Noticed an orc knight
  8267 | Bailey   | Killed an orc knight
  8398 | Bailey   | Noticed an orc knight
  8413 | Bailey   | Killed an orc knight
  8576 | D:9      | Noticed a two-headed ogre
  8583 | D:9      | Killed a two-headed ogre
  8896 | D:9      | Found a white marble altar of Elyvilon.
  9194 | D:9      | Noticed Erolcha
  9198 | D:9      | Killed Erolcha
  9199 | D:9      | Reached skill level 12 in Axes
  9253 | D:9      | Found a blossoming altar of Fedhas.
  9442 | D:10     | Entered Level 10 of the Dungeon
  9547 | D:10     | Found a staircase to the Lair.
  9934 | D:10     | Found a staircase to the Orcish Mines.
  9957 | D:10     | Reached ****** piety under Trog
 10189 | D:10     | Received a gift from Trog
 10216 | D:10     | Noticed a centaur warrior
 10223 | D:10     | Killed a centaur warrior
 10488 | D:11     | Noticed a skeletal warrior
 10492 | D:11     | Noticed a skeletal warrior
 10493 | D:11     | Killed a skeletal warrior
 10495 | D:11     | Noticed a skeletal warrior
 10505 | D:11     | Killed a skeletal warrior
 10505 | D:11     | Killed a skeletal warrior
 10506 | D:11     | Reached XP level 12. HP: 26/112 MP: 4/12
 11225 | D:11     | Noticed Psyche
 11231 | D:11     | Killed Psyche
 11412 | D:11     | Found a shimmering altar of Xom.
 11832 | D:12     | Noticed a boulder beetle
 11833 | D:12     | Reached skill level 13 in Axes
 11838 | D:12     | Killed a boulder beetle
 12422 | Lair:1   | Entered Level 1 of the Lair of Beasts
 12430 | Lair:1   | Noticed a six-headed hydra
 12436 | Lair:1   | Killed an eight-headed hydra
 12674 | Lair:1   | Noticed Grum
 12684 | Lair:1   | Received a gift from Trog
 12687 | Lair:1   | Killed Grum
 12991 | Lair:2   | Reached skill level 10 in Fighting
 14589 | Lair:3   | Found a staircase to the Shoals.
 15350 | Lair:3   | Got a buzzing ring mail
 15361 | Lair:3   | Identified the +5 ring mail "Imiudob" {Str+2 Int+6} (You
                  | found it on level 3 of the Lair of Beasts)
 15425 | Lair:3   | Received a gift from Trog
 15433 | Lair:3   | Reached skill level 14 in Axes
 15759 | Lair:3   | Reached XP level 13. HP: 117/121 MP: 4/13
 15869 | Lair:3   | Found a hole to the Spider Nest.
 17193 | Lair:4   | Found a dark tunnel.
 17202 | Volcano  | Entered a volcano
 17372 | Volcano  | Got a pitted helmet
 17396 | Volcano  | Identified the +0 helmet "Siasomac" {rF+ Str-3 Stlth+} (You
                  | found it in a volcano)
 18640 | Lair:4   | You fall into a shaft and drop 2 floors!
 18640 | Lair:6   | Entered Level 6 of the Lair of Beasts
 18752 | Lair:5   | Found a gate leading to a gauntlet.
 18761 | Gauntlet | Entered a Gauntlet
 18761 | Gauntlet | Found a transporter.
 18761 | Gauntlet | Found a large runed translucent door.
 18761 | Gauntlet | Found a large runed translucent door.
 18761 | Gauntlet | Found a large runed translucent door.
 18761 | Gauntlet | Found a large runed translucent door.
 18761 | Gauntlet | Found a large runed translucent door.
 18761 | Gauntlet | Found a large runed translucent door.
 18761 | Gauntlet | Found a runed translucent door.
 18761 | Gauntlet | Found a runed translucent door.
 18761 | Gauntlet | Found a large runed translucent door.
 18761 | Gauntlet | Found a large runed translucent door.
 18761 | Gauntlet | Found a large runed translucent door.
 18761 | Gauntlet | Found a large runed translucent door.
 18761 | Gauntlet | Found a large runed translucent door.
 18761 | Gauntlet | Found a large runed translucent door.
 18762 | Gauntlet | Found a large runed translucent door.
 18762 | Gauntlet | Found a large runed translucent door.
 18762 | Gauntlet | Found a large runed translucent door.
 18764 | Gauntlet | Found a transporter.
 18764 | Gauntlet | Found a runed translucent gate.
 18764 | Gauntlet | Found a runed translucent gate.
 18764 | Gauntlet | Found a runed translucent gate.
 18766 | Gauntlet | Found a transporter.
 18769 | Gauntlet | Found a transporter.
 18770 | Gauntlet | Found a transporter.
 18775 | Gauntlet | Identified the ring "Wexzux" {*Corrode Str+6 Stlth-}
 18777 | Gauntlet | Found a large runed translucent door.
 18784 | Gauntlet | Found the +8 frozen axe "Frostbite" {freezing cloud, *Noise
                  | +Fly rC+}
 18786 | Gauntlet | Found a transporter.
 18791 | Gauntlet | Found a runed translucent door.
 18801 | Gauntlet | Found a transporter.
 18806 | Gauntlet | Found a transporter.
 18808 | Gauntlet | Found a transporter.
 18819 | Gauntlet | Found a transporter.
 18883 | Gauntlet | Found a transporter.
 18904 | Gauntlet | Found a transporter.
 18949 | Gauntlet | Reached skill level 15 in Axes
 19069 | Gauntlet | Noticed a minotaur
 19074 | Gauntlet | Killed a minotaur
 19591 | Lair:4   | Found a runed translucent door.
 19591 | Lair:4   | Noticed gishou's ghost (journeyman KoDe)
 20194 | Lair:5   | Found a staircase to the Slime Pits.
 20194 | Lair:5   | Found a viscous altar of Jiyva.
 20204 | Lair:5   | Reached XP level 14. HP: 72/132 MP: 14/14
 20863 | Lair:6   | Reached skill level 10 in Evocations
 20874 | Lair:6   | Noticed Rupert
 20879 | Lair:6   | Killed Rupert
 21198 | Lair:6   | Reached skill level 10 in Armour
 21459 | Lair:6   | Reached skill level 5 in Dodging
 21459 | Lair:6   | Reached XP level 15. HP: 141/141 MP: 15/15
 21546 | Lair:6   | Reached skill level 16 in Axes
 22959 | Orc:1    | Entered Level 1 of the Orcish Mines
 23281 | Orc:2    | Entered Level 2 of the Orcish Mines
 23287 | Orc:2    | Found Dinusok's Antique Weapon Emporium.
 23382 | Orc:2    | Received a gift from Trog
 23384 | Orc:2    | Found Beir's General Store.
 23902 | Orc:2    | Found a staircase to the Elven Halls.
 24409 | Orc:2    | Found Biukig's Book Shoppe.
 24449 | Orc:2    | Found Pucizi's Antique Armour Emporium.
 24462 | Orc:2    | Found Qiupahi's Distillery.
 24470 | Orc:2    | Bought a potion of attraction for 45 gold pieces
 24470 | Orc:2    | Bought a potion of might for 60 gold pieces
 24470 | Orc:2    | Bought a potion of lignification for 45 gold pieces
 24470 | Orc:2    | Bought a potion of curing for 45 gold pieces
 24470 | Orc:2    | Bought a potion of brilliance for 60 gold pieces
 24470 | Orc:2    | Bought a potion of attraction for 45 gold pieces
 24470 | Orc:2    | Bought a potion of lignification for 45 gold pieces
 24470 | Orc:2    | Bought a potion of haste for 150 gold pieces
 24470 | Orc:2    | Bought a potion of curing for 45 gold pieces
 24810 | Orc:1    | Found Gudwaid's Antique Armour Emporium.
 24955 | Orc:1    | Bought an ancient plate armour for 672 gold pieces
 24965 | Orc:1    | Identified the cursed +0 plate armour of Koat {Str+4 Int+2}
                  | (You bought it in a shop on level 1 of the Orcish Mines)
 25369 | D:13     | Found a frozen archway.
 25385 | IceCv    | Entered an ice cave
 25386 | IceCv    | Found a transporter.
 25429 | IceCv    | Found a transporter.
 25453 | IceCv    | Reached XP level 16. HP: 72/150 MP: 16/16
 26653 | D:14     | Reached skill level 17 in Axes
 26655 | D:14     | Received a gift from Trog
 26659 | D:14     | Got a shimmering battleaxe {god gift}
 26660 | D:14     | Identified the +5 battleaxe of Trog's Righteous Fury
                  | {vorpal, *Rage +Inv rPois Str+6} (Trog gifted it to you on
                  | level 14 of the Dungeon)
 26850 | D:14     | Found a gate to the Vaults.
 26976 | D:15     | Entered Level 15 of the Dungeon
 27474 | D:15     | Found a staircase to the Depths.
 27719 | D:15     | Found Agios's General Store.
 27992 | D:15     | Identified a scroll of acquirement
 27992 | D:15     | Acquired the +4 barding "Res Tauc" {rElec rC+}
 28021 | D:15     | Bought 2 curare-tipped darts for 18 gold pieces
 28021 | D:15     | Bought a scroll of fog for 30 gold pieces
 28021 | D:15     | Bought a scroll of identify for 30 gold pieces
 28775 | Shoals:1 | Entered Level 1 of the Shoals
 29392 | Shoals:1 | Noticed Kirke
 29396 | Shoals:1 | Killed Kirke
 30052 | Shoals:2 | Received a gift from Trog
 31551 | Shoals:3 | Reached skill level 18 in Axes
 31570 | Shoals:3 | Reached XP level 17. HP: 153/160 MP: 17/17
 32021 | Shoals:3 | Found Hafar's Armour Boutique.
 32091 | Shoals:3 | Noticed Polyphemus
 32107 | Shoals:3 | Killed Polyphemus
 33361 | Shoals:4 | Entered Level 4 of the Shoals
 34229 | Shoals:4 | Got a barnacled rune of Zot
 36151 | Spider:1 | Entered Level 1 of the Spider Nest
 36157 | Spider:1 | Reached skill level 19 in Axes
 37072 | Vaults:1 | Entered Level 1 of the Vaults
 37142 | Vaults:1 | Reached XP level 18. HP: 172/172 MP: 18/18
 37423 | Vaults:1 | Received a gift from Trog
 37861 | Vaults:1 | Noticed Aizul
 37876 | Vaults:1 | Killed Aizul
 39395 | Vaults:2 | Reached skill level 15 in Fighting
 39434 | Vaults:2 | Received a gift from Trog
 39437 | Vaults:2 | Reached skill level 20 in Axes
 39999 | Vaults:2 | You fall into a shaft and drop 1 floor!
 40260 | Vaults:2 | Found a gateway to a bazaar.
 40268 | Bazaar   | Entered a bazaar
 40285 | Bazaar   | Found Cejah's Antique Weapon Emporium.
 40300 | Bazaar   | Found Maoref's General Store.
 40300 | Bazaar   | Found Ivogih's Armour Emporium.
 40321 | Bazaar   | Found Qyuschim's Gadget Shoppe.
 40321 | Bazaar   | Found Axzig's Magic Scroll Emporium.
 40355 | Bazaar   | Bought a wand of digging (6) for 300 gold pieces
 40355 | Bazaar   | Bought a wand of iceblast (8) for 180 gold pieces
 40361 | Bazaar   | Bought a scroll of fog for 30 gold pieces
 40361 | Bazaar   | Bought a scroll of immolation for 52 gold pieces
 40361 | Bazaar   | Bought a scroll of teleportation for 45 gold pieces
 40375 | Bazaar   | Bought a scroll of blinking for 82 gold pieces
 40375 | Bazaar   | Bought a potion of invisibility for 88 gold pieces
 40438 | Vaults:2 | Noticed Saint Roka
 40444 | Vaults:2 | Received a gift from Trog
 40455 | Vaults:2 | HP: 8/174 [Saint Roka/divine providence (12)]
 40459 | Vaults:2 | Killed Saint Roka
 41046 | Vaults:2 | Found Kixux's Antique Weapon Emporium.
 41268 | Vaults:3 | Reached XP level 19. HP: 181/181 MP: 19/19
 41600 | Vaults:3 | Found a staircase to the Crypt.
 41862 | Vaults:3 | Received a gift from Trog
 42871 | Vaults:4 | Noticed Boris
 42884 | Vaults:4 | Killed Boris
 42997 | Vaults:4 | Noticed Margery
 43009 | Vaults:4 | Killed Margery
 43141 | Vaults:4 | Reached skill level 21 in Axes
 43590 | Vaults:4 | Found a runed translucent gate.
 43590 | Vaults:4 | Noticed an ancient lich
 43591 | Vaults:4 | Found a runed translucent gate.
 43591 | Vaults:4 | Found a runed translucent gate.
 43591 | Vaults:4 | Found an ancient bone altar of Kikubaaqudgha.
 43591 | Vaults:4 | Noticed an ancient lich
 43591 | Vaults:4 | Noticed Lustness's ghost (veteran GrFi)
 43604 | Vaults:4 | Killed an ancient lich
 43613 | Vaults:4 | Killed an ancient lich
 43616 | Vaults:4 | Killed Lustness's ghost
 43627 | Vaults:4 | Identified the cursed -5 hat of Eternal Vigilance {rElec
                  | rF- MR+++ rCorr} (You found it on level 4 of the Vaults)
 43631 | Vaults:4 | Identified the ring "Unet" {Int+3 Dex+6} (You found it on
                  | level 4 of the Vaults)
 44143 | Vaults:4 | Noticed Mara
 44151 | Vaults:4 | Killed Mara
 44152 | Vaults:4 | Reached XP level 20. HP: 147/192 MP: 20/20
 44625 | Vaults:4 | Noticed Sojobo
 44643 | Vaults:4 | Killed Sojobo
 47386 | Spider:3 | Noticed Jorgrun
 47396 | Spider:3 | Killed Jorgrun
 47665 | Spider:3 | Noticed Arachne
 47673 | Spider:3 | Killed Arachne
 47842 | Spider:3 | Received a gift from Trog
 48727 | Spider:4 | Entered Level 4 of the Spider Nest
 48750 | Spider:4 | Reached skill level 22 in Axes
 48817 | Spider:4 | Reached skill level 15 in Evocations
 49066 | Spider:4 | Received a gift from Trog
 49400 | Spider:4 | Reached XP level 21. HP: 203/203 MP: 21/21
 49788 | Spider:4 | Got a gossamer rune of Zot
 50326 | Crypt:1  | Entered Level 1 of the Crypt
 50341 | Crypt:1  | Noticed Jory
 50358 | Crypt:1  | Noticed Donald
 50360 | Crypt:1  | Killed Jory
 50372 | Crypt:1  | Killed Donald
 50924 | Crypt:1  | Identified the +11 dagger of Qutoom {protect, MR+}
 51003 | Crypt:1  | Paralysed by a vampire knight for 3 turns
 51016 | Crypt:1  | Paralysed by a vampire knight for 5 turns
 51018 | Crypt:1  | HP: 8/204 [vampire knight/+3 bardiche (13)]
 51031 | Crypt:1  | Paralysed by a vampire knight for 4 turns
 51741 | Crypt:1  | Received a gift from Trog
 52083 | Crypt:1  | Noticed a greater mummy
 52084 | Crypt:1  | Noticed a greater mummy
 52084 | Crypt:1  | Noticed Khufu
 52093 | Crypt:1  | HP: 1/204 [phantasmal warrior[Khufu] (19)]
 52094 | Crypt:1  | Killed from afar by a phantasmal warrior

Illustrated notes

Levels and vault maps discovered:
D:1:      elethiomel_arrival_infinity_welcomes_careful_drivers,
          layout_loops_ring
D:2:      layout_basic, uniq_robin
D:3:      layout_rooms, nicolae_overflow_hidden_temple, uniq_natasha,
          uniq_grinder
D:4:      layout_rooms, minmay_temple_entry_enclosed_plants, chequers_avenue
D:5:      layout_gridville, gammafunk_ghost_mausoleum, grunt_ministairs_9,
          st_stairs_12
D:6:      layout_basic, grunt_temple_overflow_open, uniq_pikel
D:7:      statuecave_lemuel, layout_rooms, serial_rivers,
          chequers_serial_rivers_room_a, chequers_serial_rivers_marsh,
          chequers_serial_rivers_marsh, chequers_serial_rivers_micro_e,
          gammafunk_ghost_split, uniq_menkaure
D:8:      layout_rooms, uniq_joseph, uniq_prince_ribbit1
D:9:      layout_basic, elyvilon_altar_4, enter_bailey_5, fedhas_ov_isle_minmay,
          uniq_erolcha, uniq_gastronok
D:10:     layout_stronghold, due_lair_maze_entry_diamond, zombieorc2_lemuel
D:11:     layout_basic, basic_altar, serial_rivers,
          chequers_serial_rivers_micro_c, chequers_serial_rivers_micro_a,
          chequers_serial_rivers_micro_e, chequers_serial_rivers_small_a,
          chequers_serial_rivers_micro_e, uniq_psyche
D:12:     layout_loops_cross
D:13:     layout_basic, portal_ice_cave_entry_imps, kennysheep_generic_room_6
D:14:     minmay_razor_zed, layout_rooms, erik_vaults_1, serial_glass,
          glass_columns_a, glass_columns_b, glass_columns_a, glass_columns_a,
          glass_columns_b, glass_columns_a, glass_columns_b, glass_columns_a,
          glass_columns_c, glass_columns_b, glass_columns_c, glass_columns_a,
          glass_columns_b, glass_columns_c
D:15:     grunt_enter_depths_hoard, layout_cave_pods, serial_shops,
          nicolae_shop_temple_entry_statues_fountains, grunt_decor_resistance,
          minmay_misc_feat_alley
Lair:1:   layout_cave_shapes, uniq_grum
Lair:2:   lemuel_ratsnest, layout_small_grid, beast_lair_carwin_4
Lair:3:   layout_roguey [special_room_bee], minmay_shoals_entry_beasts,
          spider_nest_entry_rubble, chequers_serial_rivers_micro_d,
          serial_bayou_shore_b
Lair:4:   layout_loops_ring, nicolae_volcano_entry_two_sided,
          hellmonk_ghost_happy_afterlife
Lair:5:   layout_regular_city, slime_altar_1, gauntlet_entry_generic,
          bobbens_ice_dragon_lair
Lair:6:   hangedman_lair_tendril_chambers, layout_big_grid, uniq_rupert
Shoals:1: layout_shoals, uniq_kirke
Shoals:2: layout_shoals
Shoals:3: cheibrodos_shoals_three_sisters, layout_shoals, serial_shops,
          nicolae_shop_competitors_out_of_business, uniq_polyphemus
Shoals:4: shoals_end_grunt_ice, layout_shoals, nicolae_shoals_cliffside_cave
Spider:1: layout_spider_delve
Spider:2: layout_chambers
Spider:3: layout_spider_delve, nicolae_crawler_farm, uniq_arachne, uniq_jorgrun
Spider:4: johnstein_spider_rune_arachne_lair
Orc:1:    layout_caves, serial_shops, nicolae_shop_crystal
Orc:2:    grunt_orc_gardens, layout_diamond_mine, grunt_orc_garden,
          grunt_orc_garden, grunt_orc_garden, grunt_orc_garden, serial_shops,
          nicolae_shop_temple_entry_statues_fountains
Vaults:1: hangedman_vaults_nodes, hangedman_vaults_capsules,
          hangedman_vaults_corner, ontoclasm_vaults_idyll,
          vaults_room_grunt_arrival_ludios, vaults_room_fours, v_misc_29,
          layout_vaults_omnigrid, uniq_aizul
Vaults:2: nicolae_vaults_network_square, vaults_dpeg_spiral,
          nicolae_vaults_stairing_the_circle, vaults_room_grid,
          nicolae_vaults_ring_of_whatevers, vaults_mumra_hex,
          nicolae_vaults_alarming, vaults_room_corners, ontoclasm_vaults_chip,
          layout_vaults_big_room, serial_shops, statue_bzr,
          nicolae_shop_crystal, uniq_saint_roka
Vaults:3: hangedman_vaults_stretched_pinwheel, grunt_vaults_funnel,
          minmay_crypt_entry_simple_plaza, v_misc_13,
          nicolae_vaults_back_hallway, nicolae_vaults_lopsided_apartments,
          hangedman_vaults_nails, v_misc_11, vaults_dpeg_cross,
          nicolae_vaults_theta, vaults_mumra_minichess_inversion,
          hangedman_vaults_cutoff, vaults_room_corners, layout_vaults_omnibox
Vaults:4: gammafunk_vaults_ghost_crypt, special_room_vaults [special_room_orc],
          v_misc_25, grunt_vaults_twisty, vaults_mumra_minichess, v_pattern_4,
          v_misc_23, grunt_vaults_hallway_long, v_alt_pattern_2,
          vaults_room_pool, ontoclasm_vaults_claustrophobia, vaults_dpeg_ring,
          vaults_dpeg_hooks, layout_vaults_ring, uniq_bai_suzhen, uniq_sojobo,
          uniq_boris, uniq_margery, uniq_mara
Crypt:1:  layout_misc_corridors, uniq_khufu, uniq_jory, uniq_donald

Skill      XL: |  1  2  3  4  5  6  7  8  9 10 11 12 13 14 15 16 17 18 19 20 21 |
---------------+----------------------------------------------------------------+-----
Armour         | 2 3 4 5 6 7 8 9 10 11 12 13 14 | 14.6
Axes           | 4 5 6 8 9 11 12 14 15 16 18 19 20 21 22 | 22.6
Fighting       | 4 5 6 7 8 9 10 11 12 13 14 15 16 17 | 17.1
Evocations     | 1 2 3 5 6 7 8 9 10 11 12 13 14 15 | 15.4
Dodging        | 5 |  5.3

Action                   |  1- 3 |  4- 6 |  7- 9 | 10-12 | 13-15 | 16-18 | 19-21 || total
-------------------------+-------+-------+-------+-------+-------+-------+-------++-------
Melee: Hand axe          |    95 |   135 |   156 |       |       |       |       ||   386
       Tailslap          |    12 |     9 |    25 |    77 |    71 |   194 |   163 ||   551
       War axe           |       |       |   101 |     8 |       |       |       ||   109
       Broad axe         |       |       |       |   102 |       |       |       ||   102
       Battleaxe         |       |       |       |   164 |       |       |       ||   164
       Executioner's axe |       |       |       |   268 |   465 |   848 |   807 ||  2388
Invok: Berserk           |     3 |     3 |     5 |     5 |     7 |     5 |     3 ||    31
       Trog's Hand       |     1 |     1 |     2 |     9 |     9 |    19 |    10 ||    51
       Brothers in Arms  |       |       |     1 |     6 |     2 |     9 |     5 ||    23
 Abil: Rolling Charge    |    25 |    30 |    32 |    33 |    55 |   134 |    95 ||   404
       Evoke Flight      |       |       |       |     1 |     1 |    17 |     2 ||    21
Evoke: Wand              |       |       |       |     7 |    29 |     6 |       ||    42
       Box of beasts     |       |       |       |     2 |     2 |     5 |     2 ||    11
       Condenser vane    |       |       |       |       |     2 |     5 |     4 ||    11
       Lightning rod     |       |       |       |       |       |     2 |     4 ||     6
       Phantom mirror    |       |       |       |       |       |     2 |     1 ||     3
       Phial of floods   |       |       |       |       |       |       |     3 ||     3
  Use: Scroll            |       |       |    17 |    12 |     9 |    22 |     8 ||    68
       Potion            |       |       |       |     4 |     3 |    17 |     2 ||    26
 Stab: Distracted        |     1 |       |       |     1 |     1 |     2 |       ||     5
       Petrified         |       |       |       |       |       |     7 |       ||     7
       Petrifying        |       |       |       |       |       |     2 |       ||     2
Armor: Ring mail         |    34 |    67 |   101 |    40 |    57 |       |       ||   299
       Animal skin       |    10 |       |       |       |       |       |       ||    10
       Chain mail        |       |       |       |   101 |       |       |       ||   101
       Plate armour      |       |       |       |   405 |   340 |  1080 |   779 ||  2604
       Skin              |       |       |       |   137 |       |       |       ||   137
Dodge: Dodged            |    45 |    69 |    95 |   283 |   194 |   430 |   263 ||  1379
       Repelled          |       |       |       |       |     6 |     7 |     2 ||    15
Block: Other             |       |       |       |       |   132 |   216 |   178 ||   526
       Reflection        |       |       |       |       |     2 |    18 |     3 ||    23

Table legend: (Time is in decaauts)
 A = Elapsed time spent in this place.
 B = Non-inter-level travel time spent in this place.
 C = Inter-level travel time spent in this place.
 D = Time resting spent in this place.
 E = Time spent auto-exploring this place.
 F = Levels seen in this place.
 G = Mean time per level.
                   A        B        C        D        E       F      G
               +--------+--------+--------+--------+--------+-----+--------+
         Total |  52944 |  50418 |   2526 |  15976 |  26963 |  41 | 1291.3 |
       Dungeon |  15732 |  14687 |   1045 |   3180 |   9353 |  15 | 1048.8 |
          Lair |  10481 |   9747 |    734 |   3790 |   4738 |   6 | 1746.8 |
        Shoals |   7669 |   7521 |    148 |   3562 |   2941 |   4 | 1917.2 |
   Spider Nest |   4691 |   4562 |    129 |    177 |   3741 |   4 | 1172.8 |
  Orcish Mines |   2205 |   2125 |     80 |    688 |   1112 |   2 | 1102.5 |
        Vaults |   9028 |   8641 |    387 |   3505 |   4063 |   4 | 2257.0 |
         Crypt |    882 |    882 |      0 |      0 |    577 |   1 |  882.0 |
        Bazaar |    135 |    135 |      0 |      0 |     76 |   1 |  135.0 |
        Bailey |    690 |    690 |      0 |    376 |    162 |   1 |  690.0 |
      Ice Cave |    312 |    312 |      0 |    208 |     36 |   1 |  312.0 |
       Volcano |    529 |    529 |      0 |    193 |    130 |   1 |  529.0 |
      Gauntlet |    584 |    584 |      0 |    295 |     32 |   1 |  584.0 |
               +--------+--------+--------+--------+--------+-----+--------+

Top non-repeatable levels by time:
  Lair:3: 3287 daAuts
Vaults:3: 2566 daAuts
Vaults:4: 2536 daAuts
Shoals:3: 2195 daAuts
Vaults:1: 2169 daAuts
Shoals:4: 1908 daAuts
Shoals:2: 1883 daAuts
Vaults:2: 1755 daAuts
  Lair:2: 1688 daAuts
Shoals:1: 1682 daAuts
    D:15: 1658 daAuts
  Lair:6: 1601 daAuts
  Lair:4: 1600 daAuts
  Lair:5: 1558 daAuts
Spider:2: 1512 daAuts
